 Dungeon Crawl Stone Soup version 0.32-a0-291-gfdec872 (webtiles) character file.

Game seed: 15825223052940125013

226 Dawnplanks the Covered (level 5, -3/46 HPs)
             Began as a Mountain Dwarf Fighter on Feb 13, 2024.
             Slain by a lemure (8 damage)
             ... led by Pikel
             ... on level 4 of the Dungeon.
             The game lasted 00:04:47 (2167 turns).

Dawnplanks the Covered (Mountain Dwarf Fighter)     Turns: 2167, Time: 00:04:48

Health: -3/46      AC: 12    Str: 20    XL:     5   Next: 69%
Magic:  5/5        EV:  7    Int: 15    God:
Gold:   79         SH:  4    Dex:  9    Spells: 4/4 levels left

rFire   . . .        t - +4 mace (drain)
rCold   . . .        c - +0 buckler
rNeg    . . .        g - +0 chain mail
rPois   .            i - +0 helmet
rElec   .            (no cloak)
rCorr   +            (no gloves)
SInv    .            s - +0 pair of boots
Will    .....        (no amulet) Stlth
                     j - +6 ring of intelligence
HPRegen 0.27/turn    o - ring of resist corrosion
MPRegen 0.09/turn

%: no passive effects
@: no status effects
A: runic magic, artefact enchanting
a: no special abilities


You were on level 4 of the Dungeon.
You visited 1 branch of the dungeon, and saw 4 of its levels.

You collected 79 gold pieces.

Inventory:

Hand Weapons
 t - a +4 mace of draining (weapon)
Armour
 c - a +0 buckler (worn)
 g - a +0 chain mail (worn)
 i - a +0 helmet (worn)
 s - a +0 pair of boots (worn)
 v - a +0 helmet
Jewellery
 j - a +6 ring of intelligence (left hand)
 m - a ring of wizardry
 o - a ring of resist corrosion (right hand)
 w - a ring of fire
Scrolls
 b - 2 scrolls of teleportation {unknown}
 e - a scroll of silence {unknown}
 f - a scroll of vulnerability {unknown}
 h - 2 scrolls of amnesia {unknown}
 k - 3 scrolls of identify {unknown}
 l - 4 scrolls of enchant weapon {unknown}
 n - 3 scrolls of revelation {unknown}
 q - a scroll of summoning {unknown}
 u - a scroll of blinking {unknown}
Potions
 a - a potion of attraction {unknown}
 d - 2 potions of might
 p - 3 potions of curing {unknown}
 r - a potion of lignification {unknown}


   Skills:
 + Level 4.0 Fighting
 + Level 4.4 Maces & Flails
 + Level 4.7 Armour
 + Level 0.1 Dodging
 + Level 0.3 Stealth
 + Level 4.3 Shields


You had 4 spell levels left.
You didn't know any spells.
Your spell library contained the following spells:

 Spells                   Type           Power      Damage    Failure   Level
 Ensorcelled Hibernation  Hex/Ice        0%         N/A       63%         2
 Passwall                 Erth           0%         N/A       85%         3
 Swiftness                Air            0%         N/A       85%         3


Dungeon Overview and Level Annotations

Branches:
Dungeon (4/15)
 Temple: D:4-7

Altars:
Gozag

Annotations:
D:4 Pikel


Innate Abilities, Weirdness & Mutations

Your spellcasting is much less encumbered by armour.
You can use scrolls of enchantment on lesser artefacts.


Message History

The lemure hits you but does no damage.
You hit the lemure.
The lemure is lightly wounded.
The lemure hits you but does no damage.
You closely miss the lemure. The lemure hits you!
You hit Pikel but do no damage. You drain Pikel.
Pikel is lightly wounded.
Pikel hits you with a +0 whip of flaming.
Pikel burns you. The lemure barely misses you. The lemure hits you.
You hit Pikel but do no damage.
Pikel is lightly wounded.
You block Pikel's attack. The lemure closely misses you.
The lemure barely misses you. The lemure hits you. x2
Pikel hits you with a +0 whip of flaming.
Pikel burns you.
You sock Pikel! You drain Pikel.
Pikel is heavily wounded.
You block the lemure's attack. Pikel hits you but does no damage.
The lemure hits you.
You closely miss Pikel.
Pikel is heavily wounded.
The lemure hits you.
* * * LOW HITPOINT WARNING * * *
The lemure hits you!
* * * LOW HITPOINT WARNING * * *
Pikel hits you but does no damage.
You barely miss Pikel.
Pikel is heavily wounded.
Pikel hits you but does no damage. The lemure hits you but does no damage.
The lemure closely misses you.
You hit Pikel.
Pikel is heavily wounded.
Pikel barely misses you.
The lemure hits you but does no damage. x2
You barely miss Pikel.
Pikel is heavily wounded.
Pikel hits you but does no damage. The lemure hits you.
* * * LOW HITPOINT WARNING * * *
You block the lemure's attack. The lemure hits you but does no damage.
The lemure hits you!
You die...

#....#.......#..#
##...##.....## ##
##...####.####
#.............
##.......#...
#..##..## ..
######..######
#..............
#....5@5......[
###+##K####....
#55 ... .... >.
..... . #....##
#....# ......


You could see Pikel (drained) and 4 lemures.

Vanquished Creatures
  Jessica (D:3)
  Robin (D:3)
  2 adders (D:2)
  3 dart slugs
  2 ribbon worms
  6 orcs (D:3)
  4 ball pythons
  7 endoplasms
  A giant cockroach (D:1)
  16 goblins
  8 hobgoblins
  8 jackals
  7 kobolds
  2 quokkas
  6 bats
  5 frilled lizards
  5 rats
84 creatures vanquished.

Notes
Turn   | Place    | Note
-------+----------+-------------------------------------------
     0 | D:1      | Dawnplanks the Mountain Dwarf Fighter began the quest for
                  | the Orb.
     0 | D:1      | Reached XP level 1. HP: 19/19 MP: 1/1
    67 | D:1      | Reached XP level 2. HP: 26/26 MP: 2/2
   188 | D:1      | Reached XP level 3. HP: 33/33 MP: 3/3
   896 | D:2      | Reached XP level 4. HP: 40/40 MP: 4/4
  1466 | D:3      | Reached XP level 5. HP: 46/46 MP: 5/5
  1560 | D:3      | Noticed Robin
  1576 | D:3      | Killed Robin
  1911 | D:3      | Noticed Jessica
  1917 | D:3      | Killed Jessica
  2115 | D:4      | Found an opulent altar of Gozag.
  2154 | D:4      | Noticed Pikel
  2154 | D:4      | Noticed a lemure
  2154 | D:4      | Noticed a lemure
  2154 | D:4      | Noticed a lemure
  2156 | D:4      | Noticed a lemure
  2167 | D:4      | Slain by a lemure

Illustrated notes

Levels and vault maps discovered:
D:1:      eino_arrival_tree_alley, layout_basic, grunt_decor_mini_mirrors
D:2:      layout_rooms
D:3:      layout_loops_ring, uniq_jessica, uniq_robin
D:4:      layout_gridville, hellmonk_okawaru_the_only_friend_you_need,
          mainiacjoe_overflow_cross_hatched, old_standard_altar, uniq_pikel,
          uniq_ijyb

Skill      XL: |  1  2  3  4  5 |
---------------+----------------+-----
Armour         | 4 |  4.7
Maces & Flails | 3 4 |  4.4
Shields        | 4 |  4.3
Fighting       | 4 |  4.0
Dodging        | |  0.1
Stealth        | |  0.3

Action                     |  1- 3 |  4- 6 || total
---------------------------+-------+-------++-------
  Melee: Flail             |   100 |    90 ||   190
         Mace              |       |    48 ||    48
 Armour: Scale mail        |     2 |       ||     2
         Chain mail        |    70 |   137 ||   207
  Dodge: Dodged            |    30 |    65 ||    95
  Block: Buckler           |    27 |    44 ||    71

Table legend: (Time is in decaauts)
 A = Elapsed time spent in this place.
 B = Non-inter-level travel time spent in this place.
 C = Inter-level travel time spent in this place.
 D = Time resting spent in this place.
 E = Time spent auto-exploring this place.
 F = Levels seen in this place.
 G = Mean time per level.
                   A        B        C        D        E       F      G
               +--------+--------+--------+--------+--------+-----+--------+
         Total |   2225 |   2159 |     66 |     36 |   1615 |   4 |  556.2 |
       Dungeon |   2225 |   2159 |     66 |     36 |   1615 |   4 |  556.2 |
               +--------+--------+--------+--------+--------+-----+--------+

Top non-repeatable levels by time:
     D:1: 904 daAuts
     D:3: 659 daAuts
     D:2: 548 daAuts
     D:4: 112 daAuts
